[Event "*** Titled Tuesday Blitz"]
[Site "Chess.com"]
[Date "2020.05.19"]
[Round "9"]
[White "FeketeBarika"]
[Black "dosto07"]
[Result "1-0"]
[WhiteElo "2263"]
[BlackElo "2118"]
[TimeControl "180+1"]
[EndTime "13:47:40 PDT"]
[Termination "FeketeBarika won on time"]

1. Nf3 d5 2. g3 Nf6 3. Bg2 Bg4 4. c4 c6 5. Ne5 Bf5 6. Qb3 Qb6 7. Qxb6 axb6 8. cxd5 cxd5 9. Nc3 e6 10. O-O Nc6 11. Nb5 Rc8 12. Nf3 Be7 13. a3 O-O 14. b4 h6 15. Bb2 Ne4 16. d3 Nd6 17. Nbd4 Nxd4 18.
Nxd4 Bg6 19. Nf3 Bf6 20. Bxf6 gxf6 21. Rfc1 Rfd8 22. Nd4 Kf8 23. f4 Ke7 24. Kf2 Nf5 25. Nb5 Nd6 26. Nd4 Kd7 27. Ke3 Rxc1 28. Rxc1 Ra8 29.
Nc2 Nb5 30. Ra1 Kd6 31. Kd2 e5 32. a4 Nc7 33. Ne3 b5 34. a5 h5 35. h3 Rg8 36.
Bf3 h4 37. f5 Bh7 38. g4 Rb8 39.
Rc1 Na6 40. Nxd5 Bg8 41. Rb1 Rf8 42. Nxf6 Ke7 43. Nd5+ Kd6 44. Nf6 Ke7 45. Nxg8+ Rxg8 46. Bxb7 Nc7 47. Be4 Rb8 48. Rc1 Na8 49. Rc6 Kd7 50. Rc5 Nc7 51. Rxe5 Ne8 52. Rd5+ Ke7 53. Rc5 Nd6 54. Bd5 Kf6 55. e4 Ke5 56. Bxf7+ Kf4 57. Be6 1-0

[Event "*** Titled Tuesday Blitz"]
[Site "Chess.com"]
[Date "2020.05.19"]
[Round "9"]
[White "tomozupan"]
[Black "dolynachess"]
[Result "1-0"]
[WhiteElo "2196"]
[BlackElo "2344"]
[TimeControl "180+1"]
[EndTime "13:47:42 PDT"]
[Termination "tomozupan won by resignation"]

1. d4 Nf6 2. Bg5 d5 3. Bxf6 exf6 4. e3 c5 5. dxc5 Bxc5 6. Nc3 Be6 7. Nf3 O-O 8. Be2 Nc6 9. O-O a6 10. a3 d4 11. Ne4 Ba7 12. exd4 Nxd4 13. Nxd4 Bxd4 14. c3 Be5 15. Qxd8 Rfxd8 16. Rfd1 b6 17. Rxd8+ Rxd8 18. Rd1 Rxd1+ 19. Bxd1 f5 20. Nd2 Bf4 21. Nf3 Bc1 22.
b4 Bxa3 23. Nd4 Bd7 24. Bc2 g6 25. Kf1 Bb2 26. Ne2 a5 27. bxa5 bxa5 28. Ke1 a4 29.
Kd2 a3 30. Bb3 Be6 31. c4 Kf8 32. Kd3 Ke7 33. Nd4 Bd7 34. Nb5 Bc6 35. g3 Be4+ 36. Kd2 f6 37. Nc3 Bxc3+ 38. Kxc3 Bb1 39. c5 Kd7 40. Bd5 h6 41. Kb3 a2 42. Kb2 g5 43.
Ka1 Kc7 44. Kb2 f4 45. gxf4 gxf4 46. Ka1 Kb8 47. Bxa2 Bxa2 48. Kxa2 Kc7 49. Kb3 Kc6 50. Kc4 f3 51. h4 h5 52. Kd4 Kc7 53. Kd5 Kd7 54.
c6+ Kc7 55. Kc5 Kc8 56. Kd6 Kd8 57. Ke6 Kc7 58. Kxf6 Kxc6 59. Kg5 Kd5 60. Kxh5 Ke4 61. Kg4 1-0

[Event "*** Titled Tuesday Blitz"]
[Site "Chess.com"]
[Date "2020.05.19"]
[Round "9"]
[White "ecwinslow"]
[Black "Noam_Vitenberg"]
[Result "0-1"]
[WhiteElo "2187"]
[BlackElo "2390"]
[TimeControl "180+1"]
[EndTime "13:47:42 PDT"]
[Termination "Noam_Vitenberg won on time"]

1. e4 g6 2. d4 Bg7 3. Nc3 c6 4.
Nf3 d5 5. h3 Nf6 6. Bd3 c5 7.
e5 Nfd7 8. e6 fxe6 9. Ng5 Qb6 10. Nxh7 cxd4 11. Bxg6+ Kd8 12. Ne2 Ne5 13. Bd3 Nbc6 14.
Ng5 Rf8 15. O-O Nxd3 16. cxd3 e5 17. Qb3 Qxb3 18. axb3 Bf5 19. Rd1 Kd7 20. Nf3 Nb4 21. Ne1 Rfc8 22. Bg5 Nc2 23. Ra5 e6 24. f4 Nxe1 25.
Rxe1 Bxd3 26. fxe5 Bxe5 27. Nf4 Be4 28. Rxe4 dxe4 29. Rxe5 d3 30. Nxe6 Re8 31. Nc5+ Kc6 32. Rf5 b6 33. Na4 e3 34. Kf1 Rad8 35. Nc3 e2+ 36. Ke1 d2+ 37. Bxd2 Rxd2 38. Rf6+ Rd6 39. Rxd6+ Kxd6 40. Nxe2 Kc5 41. Kd2 Kb4 42. Nd4 Rd8 43.
Ke3 Re8+ 44. Kd3 Re1 45. g4 Rh1 46. Nc6+ Kxb3 47. Nxa7 Rxh3+ 48. Ke4 Kxb2 49. g5 Kc3 50. Kf5 Kc4 51. g6 Rf3+ 52. Ke6 Re3+ 53. Kf6 Rf3+ 54. Ke7 Ra3 55. Nc6 Kc5 56. g7 Rg3 57. Kf7 Rxg7+ 0-1

[Event "*** Titled Tuesday Blitz"]
[Site "Chess.com"]
[Date "2020.05.19"]
[Round "9"]
[White "vaishali2001"]
[Black "ClassyEl"]
[Result "0-1"]
[WhiteElo "2615"]
[BlackElo "2507"]
[TimeControl "180+1"]
[EndTime "13:47:43 PDT"]
[Termination "ClassyEl won on time"]

1. e4 d6 2. d4 Nf6 3. Nc3 c6 4. Nf3 Bg4 5. a4 e6 6. h3 Bh5 7. g4 Bg6 8. Qe2 Be7 9. Bg2 d5 10. e5 Nfd7 11. Bf4 a6 12. Nd1 c5 13. c3 Nc6 14. O-O h5 15. Ne3 hxg4 16. hxg4 Be4 17. Rfd1 g5 18. Bg3 cxd4 19. cxd4 Nf8 20. Nf1 Qb6 21.
N1d2 Qxb2 22. Qe3 Bg6 23. Rab1 Bxb1 24. Rxb1 Qc2 25. Rxb7 Ng6 26. Nxg5 Qd1+ 27. Bf1 Qxg4 28. Ngf3 Nh4 29. Rc7 Nf5 30. Qf4 Qxf4 31. Bxf4 Ncxd4 32. Nxd4 Nxd4 33. Be3 Nf5 34. Bb6 Bg5 35. Nb3 Bd8 36. Rb7 Bxb6 37. Rxb6 Kf8 38. Nc5 Kg7 39. f4 a5 40. Nd7 Rh4 41. Rb2 Rg4+ 42. Kf2 Rxf4+ 43. Ke1 Ne3 44. Bd3 Rh8 45. Rb7 Rh1+ 46. Ke2 Ng4 47.
Kd2 Nxe5 48. Nxe5 Rh2+ 49. Kc3 Rh3 50. Kd2 Rh5 51. Nc6 Rxa4 0-1

[Event "*** Titled Tuesday Blitz"]
[Site "Chess.com"]
[Date "2020.05.19"]
[Round "9"]
[White "ameetghasi100"]
[Black "Shukh_Nikolay"]
[Result "0-1"]
[WhiteElo "2710"]
[BlackElo "2569"]
[TimeControl "180+1"]
[EndTime "13:47:45 PDT"]
[Termination "Shukh_Nikolay won on time"]

1. c4 e5 2. e3 Nc6 3. Nc3 g6 4.
a3 Bg7 5. b4 f5 6. Bb2 d6 7. d4 e4 8. h4 Nf6 9. h5 Nxh5 10. Rxh5 gxh5 11. Qxh5+ Kf8 12. Nh3 Qe8 13. Nf4 Ne7 14. Nb5 Qd8 15. f3 c6 16. Nc3 exf3 17. Qxf3 Ng6 18. Nh5 Qh4+ 19. g3 Qg4 20. Qxg4 fxg4 21.
Nxg7 Kxg7 22. d5 Ne5 23. Ne4 Kh6 24. O-O-O Rf8 25. Nxd6 Nf3 26. Bd3 cxd5 27. Rh1+ Kg5 28. Rxh7 Be6 29. c5 Ne1 30. Bb1 Rf1 31. Rg7+ Kh5 32.
Rh7+ Kg5 33. Kd2 Nf3+ 34. Kc2 Rf2+ 35. Kc3 Nd2 36. Bd3 Nc4 37. Rg7+ Kh5 38. Bxc4 dxc4 39. b5 Rf3 40. Kb4 Rxe3 41. Bd4 Rd3 42. Be5 Rb3+ 43.
Ka4 c3 44. Bf4 c2 45. Rg5+ Kh6 46. Re5+ Kg7 47. Rxe6 Rc3 48. Re7+ Kf6 49. Rf7+ Ke6 50. Bc1 Rxc5 51. Rf4 Kxd6 52. Rf6+ Kd5 53. Rf4 Rc4+ 54. Rxc4 Kxc4 55. Ka5 Kc3 0-1

[Event "*** Titled Tuesday Blitz"]
[Site "Chess.com"]
[Date "2020.05.19"]
[Round "9"]
[White "praveenb2002"]
[Black "MomchilPetkov"]
[Result "1-0"]
[WhiteElo "2721"]
[BlackElo "2533"]
[TimeControl "180+1"]
[EndTime "13:47:45 PDT"]
[Termination "praveenb2002 won by checkmate"]

1. e4 c6 2. d4 d5 3. e5 Bf5 4. Nf3 e6 5. Be2 Ne7 6. O-O h6 7. Nbd2 Nd7 8. Nb3 g5 9. c3 Bg7 10. Ne1 f6 11. Bh5+ Bg6 12. Bxg6+ Nxg6 13. Qh5 Nf8 14.
f4 gxf4 15. exf6 Bxf6 16. Bxf4 Qe7 17. Nd3 O-O-O 18. Bg3 Bg5 19. Rae1 Rg8 20. Nbc5 b6 21. Nb3 Nd7 22. a4 Bh4 23. Bxh4 Nxh4 24. g3 Ng6 25. Qxh6 Rg7 26. Qe3 Re8 27. Nf4 Nxf4 28. Rxf4 Qd6 29. Qf2 Ree7 30. Nd2 Kb7 31. Kh1 e5 32. dxe5 Nxe5 33.
Qf1 c5 34. Nf3 Ng6 35. Rf5 Rxe1 36. Qxe1 Re7 37. Qd2 d4 38. cxd4 cxd4 39. Qxd4 Qc6 40. Qd5 Qxd5 41. Rxd5 Re3 42. Nd2 Ne7 43. Rd4 Nc6 44.
Rd7+ Kc8 45. Rf7 Re1+ 46. Kg2 Ra1 47. Rf4 Ne5 48. h4 Nd3 49. Rc4+ Kb7 50. b3 Re1 51. Re4 Rd1 52. Nc4 Rb1 53. Re7+ Kc8 54. Rxa7 Rxb3 55.
h5 Rc3 56. Nxb6+ Kb8 57. Rf7 Ne5 58. Nd7+ Nxd7 59. Rxd7 Rc5 60. h6 Rh5 61. h7 Kc8 62. Rg7 Kd8 63. Rg8+ Ke7 64. h8=Q Rxh8 65. Rxh8 Kf6 66.
Rb8 Kg5 67. a5 Kg6 68. a6 Kf7 69. a7 Ke7 70. a8=Q Kd6 71. Qa6+ Kc7 72. Rb7+ Kc8 73. Qa8# 1-0

[Event "*** Titled Tuesday Blitz"]
[Site "Chess.com"]
[Date "2020.05.19"]
[Round "9"]
[White "Pittiplatsh"]
[Black "WPWPWP-2015"]
[Result "1-0"]
[WhiteElo "2556"]
[BlackElo "2423"]
[TimeControl "180+1"]
[EndTime "13:47:45 PDT"]
[Termination "Pittiplatsh won by resignation"]

1. e4 e5 2. Nf3 Nc6 3. d4 exd4 4. Nxd4 Nf6 5. Nxc6 bxc6 6. e5 Qe7 7. Qe2 Nd5 8. c4 Nb6 9. Nc3 Qe6 10. Qe4 g6 11. Bd3 Bg7 12. f4 Bb7 13. O-O O-O 14. Bd2 d5 15.
exd6 cxd6 16. Qxe6 fxe6 17. Rfe1 e5 18. fxe5 Bxe5 19.
Rad1 Rae8 20. Be3 Nd7 21. Ne4 c5 22. b3 Nf6 23. Nxf6+ Rxf6 24. Bf1 Rfe6 25. Bf2 a5 26. g3 Bc3 27. Rxe6 Rxe6 28. Rd3 Be5 29. Bg2 Bxg2 30. Kxg2 Re7 31. Be1 Ra7 32. a4 Kf7 33. Bd2 Ke6 34.
Kf3 Ra8 35. Ke4 h5 36. h3 Bd4 37. Rf3 Be5 38. g4 hxg4 39. hxg4 Ra7 40. g5 Ra8 41. Be1 Ra7 42. Rf8 Rb7 43. Re8+ Kf7 44. Ra8 Rxb3 45.
Bxa5 Rb1 46. Kd5 Rd1+ 47. Kc6 Rc1 48. Bc7 Ke6 49. a5 Rxc4 50. a6 d5 51. a7 Bxc7 52. Kxc7 Ra4 53. Re8+ Kf5 54. a8=Q Rxa8 55. Rxa8 d4 56.
Ra5 Ke4 57. Rxc5 d3 58. Rc6 d2 59. Rd6 Ke3 60. Kd7 Ke2 61. Ke6 d1=Q 62. Rxd1 Kxd1 63. Kf6 1-0

[Event "*** Titled Tuesday Blitz"]
[Site "Chess.com"]
[Date "2020.05.19"]
[Round "9"]
[White "ValeriyGrinev"]
[Black "Andrii_Prydun"]
[Result "1/2-1/2"]
[WhiteElo "2532"]
[BlackElo "2387"]
[TimeControl "180+1"]
[EndTime "13:47:47 PDT"]
[Termination "Game drawn by stalemate"]

1. c4 c6 2. e4 d5 3. exd5 cxd5 4. d4 Nf6 5. Nc3 g6 6. cxd5 Bg7 7. Qb3 O-O 8. Be2 Qb6 9. Qxb6 axb6 10. Bf3 Rd8 11.
d6 exd6 12. d5 Nbd7 13. Be3 Nc5 14. Rd1 Bg4 15. h3 Bxf3 16. Nxf3 Nfe4 17. Nxe4 Nxe4 18.
Bxb6 Rdc8 19. Bd4 Rxa2 20. O-O Bxd4 21. Rxd4 Nf6 22. Rb4 Rc2 23. Rxb7 Raxb2 24. Rxb2 Rxb2 25. Rc1 Rb5 26. Rc7 Rxd5 27. h4 h6 28. g3 Kg7 29. Kg2 Ne4 30. Re7 Nd2 31. Nxd2 Rxd2 32. Rd7 Kf6 33. Kf3 Ke6 34. Rd8 Ke7 35. Ra8 h5 36. Ra7+ Ke6 37. Ke3 Rb2 38. Rc7 Rb3+ 39. Ke4 Rb4+ 40. Ke3 d5 41. Ra7 Rb3+ 42. Kf4 Rb4+ 43.
Ke3 f6 44. Ra8 Kf5 45. Rd8 Rb3+ 46. Kd4 Rf3 47. Rxd5+ Kg4 48. Rd7 Rxf2 49. Rg7 g5 50. hxg5 fxg5 51. Ke3 Rg2 52. Ra7 Rxg3+ 53. Kf2 h4 54. Ra1 Rb3 55. Kg2 Rb2+ 56. Kh1 h3 57. Ra4+ Kh5 58. Rc4 g4 59. Ra4 Kh4 60. Rc4 Rf2 61.
Ra4 Kg3 62. Ra3+ Rf3 63. Ra1 Re3 64. Kg1 Kf3 65. Rf1+ Kg3 66. Ra1 h2+ 67. Kh1 Re2 68. Ra3+ Kh4 69. Rh3+ Kg5 70. Rh5+ Kf4 71. Rf5+ Kg3 72.
Rf3+ Kxf3 1/2-1/2

[Event "*** Titled Tuesday Blitz"]
[Site "Chess.com"]
[Date "2020.05.19"]
[Round "9"]
[White "JLRHei"]
[Black "Pavel_Mir"]
[Result "0-1"]
[WhiteElo "2317"]
[BlackElo "2205"]
[TimeControl "180+1"]
[EndTime "13:47:49 PDT"]
[Termination "Pavel_Mir won by resignation"]

1. d4 Nf6 2. c4 c6 3. Nf3 d5 4. g3 g6 5. Bg2 Bg7 6. O-O O-O 7. Nbd2 dxc4 8. Nxc4 Be6 9. Nce5 Nbd7 10. b3 Bd5 11.
Bb2 Nxe5 12. dxe5 Ng4 13. Qc2 Bxf3 14. Bxf3 Nxe5 15. Bg2 Qc7 16. Rac1 Rad8 17. a4 h5 18. Ba3 Rd7 19. Qc5 a6 20. h3 Rfd8 21. Bb4 b6 22. Qe3 a5 23. Bc3 c5 24. Kh2 Nc6 25. Bxg7 Kxg7 26. Qc3+ Kg8 27. e3 Rd3 28. Qc4 Ne5 29. Qb5 h4 30. Rce1 Rd2 31. Kh1 Nd3 32. Rb1 Nxf2+ 33. Kg1 Qxg3 34. Qc6 Nxh3+ 35. Kh1 Nf2+ 36. Kg1 h3 37. Qf3 Qxg2+ 38. Qxg2 hxg2 39. Kxg2 Nd3+ 40. Kf3 Ne5+ 41. Ke4 f6 42. Rg1 Kf7 43. Rbf1 Ke6 44. Rh1 g5 45. Rh6 Rb2 46. Rg1 Rxb3 47. Rxg5 Rdd3 48.
Rxe5+ Kd7 49. Rf5 Rxe3+ 50. Kf4 Rf3+ 51. Kg4 Rxf5 52. Kxf5 Rb4 53. Rh5 Rxa4 54. Rh2 Ra3 55. Rb2 a4 56. Rxb6 Rb3 57. Ra6 a3 58. Ra7+ Kd6 59.
Ra6+ Kd5 60. Ra7 Kc4 61. Rxe7 Kc3 62. Kxf6 Kb2 63. Ke5 a2 64. Ra7 a1=Q 0-1

[Event "*** Titled Tuesday Blitz"]
[Site "Chess.com"]
[Date "2020.05.19"]
[Round "9"]
[White "NormWeinstein"]
[Black "ChocolateRoses"]
[Result "1/2-1/2"]
[WhiteElo "2453"]
[BlackElo "2285"]
[TimeControl "180+1"]
[EndTime "13:47:50 PDT"]
[Termination "Game drawn - insufficient material"]

1. e4 e6 2. d3 c5 3. Nf3 Nc6 4.
g3 g6 5. d4 cxd4 6. Nxd4 a6 7.
Bg2 Bg7 8. Nxc6 dxc6 9. Qxd8+ Kxd8 10. O-O Kc7 11. Bf4+ e5 12. Be3 Be6 13. Nd2 Ne7 14.
Rfd1 Rad8 15. Bf1 Nc8 16. Nc4 Bg4 17. Re1 b5 18. Nd2 Nb6 19. b3 Bf8 20. Be2 Be6 21.
Nf3 f6 22. Red1 Be7 23. a4 Kb7 24. axb5 axb5 25. Kg2 Rxd1 26. Rxd1 Rd8 27. Rxd8 Bxd8 28. Bc5 Nd7 29. Bd6 Bb6 30. Nd2 Bc5 31. Bxc5 Nxc5 32.
Kf3 Kc7 33. Ke3 Kd6 34. f4 Bd7 35. h4 Ne6 36. c3 c5 37. b4 cxb4 38. cxb4 Nd4 39.
Bd3 Nc6 40. Bxb5 Nxb4 41. Nc4+ Kc5 42. Bxd7 Kxc4 43. Be6+ Kc5 44. Bg8 h6 45. Bf7 g5 46.
Kf3 Kd4 47. Bg6 Nd3 48. fxg5 fxg5 49. hxg5 hxg5 50. Kg4 Nf2+ 51. Kxg5 Nxe4+ 52. Bxe4 Kxe4 53. Kf6 Kd4 54. g4 e4 55. g5 e3 56. g6 e2 57.
g7 e1=Q 58. g8=Q Qe5+ 59. Kf7 Qd5+ 60. Kg7 Qe5+ 61. Kf7 Qf4+ 62. Kg7 Qg4+ 63. Kf7 Qf4+ 64. Kg7 Qg3+ 65. Kf7 Qf2+ 66. Kg7 Qg1+ 67. Kf7 Qf1+ 68. Kg7 Qg2+ 69. Kf7 Qf3+ 70. Kg7 Qd5 71. Qxd5+ Kxd5 1/2-1/2

[Event "*** Titled Tuesday Blitz"]
[Site "Chess.com"]
[Date "2020.05.19"]
[Round "9"]
[White "mfwagnerpeixoto"]
[Black "Rodchenkov_Vitalij"]
[Result "0-1"]
[WhiteElo "2233"]
[BlackElo "2391"]
[TimeControl "180+1"]
[EndTime "13:47:51 PDT"]
[Termination "Rodchenkov_Vitalij won on time"]

1. e4 e6 2. d4 d5 3. Nd2 c5 4.
c3 cxd4 5. cxd4 dxe4 6. Nxe4 Bb4+ 7. Nc3 Nf6 8. Nf3 O-O 9. Bd3 Nc6 10. O-O b6 11. a3 Be7 12. Bc2 Bb7 13. Bg5 h6 14.
Be3 Rc8 15. Qd3 Qd7 16. Rad1 Rfd8 17. Rfe1 Bf8 18. Bb3 Ne7 19. Ne5 Qe8 20. Bc1 Ned5 21. Bc2 g6 22. Qh3 Bg7 23. Bxh6 Bxh6 24. Qxh6 Nxc3 25.
bxc3 Rxc3 26. Bxg6 fxg6 27. Nxg6 Nh7 28. Nf4 Qf7 29.
Rxe6 Rxa3 30. Rg6+ Kh8 31. Ne6 Rg8 32. Rxg8+ Qxg8 33.
Nf4 Qg7 34. Qxg7+ Kxg7 35. d5 Nf6 36. d6 Nd7 37. Ne6+ Kf6 38. Nd4 Ra2 39. f3 a5 40.
Nb5 a4 41. Re1 a3 42. Re7 Ra1+ 43. Kf2 a2 44. Rxd7 Rf1+ 45. Kxf1 a1=Q+ 46. Kf2 Qb2+ 47. Kg3 Qxb5 48. Rxb7 Qe5+ 49. Kh3 Qxd6 50. Rh7 Qe6+ 51. g4 Ke5 52. Rh5+ Kf4 53. Rf5+ Ke3 54. Kg3 Qd6+ 55. Kg2 Qd2+ 56. Kg3 Qf2+ 57. Kh3 Qf1+ 58. Kg3 Qg1+ 59. Kh3 b5 60. Re5+ Kf4 61. Rf5+ Ke3 0-1

[Event "*** Titled Tuesday Blitz"]
[Site "Chess.com"]
[Date "2020.05.19"]
[Round "9"]
[White "Vesper2018"]
[Black "poummba"]
[Result "0-1"]
[WhiteElo "2271"]
[BlackElo "2463"]
[TimeControl "180+1"]
[EndTime "13:47:52 PDT"]
[Termination "poummba won by resignation"]

1. e4 c5 2. Nc3 g6 3. g3 Bg7 4.
Bg2 Nc6 5. d3 d6 6. Be3 Nf6 7. h3 Rb8 8. Qd2 b5 9. Nge2 b4 10. Nd1 O-O 11. O-O a5 12. f4 Bb7 13.
g4 Ne8 14. f5 Nd4 15. Ng3 d5 16. c3 bxc3 17. bxc3 dxe4 18. cxd4 cxd4 19. Bf4 e3 20.
Qe2 Nd6 21. Nb2 e5 22. fxe6 fxe6 23. Bxb7 Rxb7 24. Bxd6 Rxf1+ 25. Rxf1 Qxd6 26. Ne4 Qb8 27. Nc4 Rb1 28. g5 a4 29. Kg2 Rxf1 30. Qxf1 h6 31.
Ncd6 Qb2+ 32. Kg1 e2 33. Qe1 hxg5 34. Kf2 Qxa2 35. Qxe2 Qxe2+ 36. Kxe2 a3 37. Nd2 a2 38. Nb3 Bf8 39. Nb5 e5 40. Kd2 Bb4+ 41. Kc2 Kf7 42. Kb2 Ke6 43. Nc1 Kf5 44. Ne2 g4 45. hxg4+ Kxg4 46. Kxa2 Kf3 47. Nc1 Ke3 48. Kb3 Bd2 49. Na2 Kxd3 50.
Nd6 e4 51. Kb2 e3 52. Nb7 e2 53. Nc5+ Ke3 54. Kb3 e1=Q 55. Kc4 Qe2+ 56. Kd5 d3 57. Kc6 Qg2+ 58. Kb5 Be1 59. Nc1 d2 60. N1d3 d1=Q 61. Kc4 Qdc2+ 0-1

[Event "*** Titled Tuesday Blitz"]
[Site "Chess.com"]
[Date "2020.05.19"]
[Round "9"]
[White "Love_craft"]
[Black "shav3184"]
[Result "1-0"]
[WhiteElo "2503"]
[BlackElo "2349"]
[TimeControl "180+1"]
[EndTime "13:47:52 PDT"]
[Termination "Love_craft won on time"]

1. Nf3 Nf6 2. g3 g6 3. Bg2 Bg7 4. d4 O-O 5. c4 d6 6. O-O Nc6 7. d5 Ne5 8. Nxe5 dxe5 9. Nc3 b6 10. e4 Ne8 11. b4 a5 12. Ba3 Nd6 13. Qb3 Ba6 14.
b5 Bc8 15. c5 bxc5 16. Bxc5 f5 17. a4 f4 18. f3 Kh8 19. g4 h5 20. h3 h4 21. Rac1 g5 22. Nb1 Rb8 23. Nd2 e6 24. Rfd1 exd5 25. Qxd5 Bb7 26. Qd3 Qf6 27. Ba3 Rfd8 28. Qc3 Rd7 29. Qxa5 Qf7 30. Qc3 Rbd8 31. Qc2 Nc8 32. Nb3 Nb6 33. Rxd7 Rxd7 34. Nc5 Rd4 35. Nxb7 Rxa4 36. Bc5 Ra2 37. Qd1 Na4 38. Bf2 Qf8 39.
Rxc7 Qa3 40. Qd8+ Kh7 41. Qxg5 Ra1+ 42. Kh2 Qf8 43. Qxh4+ Kg8 44. Qg5 Nb2 45. Qg6 Nd3 46. Nd6 Nxf2 47. Rf7 Qxf7 48. Qxf7+ Kh8 49. Qh5+ Kg8 50.
Qe8+ Kh7 51. Nf5 Nd3 52. Qh5+ Kg8 53. Qg6 1-0

[Event "*** Titled Tuesday Blitz"]
[Site "Chess.com"]
[Date "2020.05.19"]
[Round "9"]
[White "zurzan"]
[Black "floplover"]
[Result "1/2-1/2"]
[WhiteElo "1957"]
[BlackElo "2295"]
[TimeControl "180+1"]
[EndTime "13:47:56 PDT"]
[Termination "Game drawn - timeout vs insufficient material"]

1. f4 g6 2. Nf3 Bg7 3. g3 d6 4.
Bg2 e5 5. O-O Nc6 6. d3 Nge7 7.
c3 O-O 8. e4 d5 9. f5 dxe4 10.
dxe4 Qxd1 11. Rxd1 gxf5 12. exf5 Bxf5 13. Na3 Rad8 14.
Bg5 f6 15. Be3 Bg4 16. Rxd8 Rxd8 17. h3 Be6 18. Kf2 Nf5 19. Re1 Nxe3 20. Rxe3 a6 21. Re2 Bxa2 22. Nd2 Be6 23. Bxc6 bxc6 24. g4 Bf8 25.
Nc2 Bc5+ 26. Ke1 Rd3 27. Rh2 Kf7 28. Ke2 Rd8 29. Ne4 Be7 30. Ne3 Rb8 31. b4 a5 32.
bxa5 Rb2+ 33. Nd2 Ra2 34. Kd3 Rxa5 35. Ndc4 Rc5 36. Nd2 Rb5 37. Rh1 Rb2 38. Ra1 h5 39. gxh5 Bxh3 40. Rh1 Be6 41. h6 Kg8 42. h7+ Kh8 43.
Ndc4 Rb8 44. Ke4 Rf8 45. Nxe5 fxe5 46. Kxe5 Bb3 47. c4 Rf7 48. Ke6 Rg7 49. Nf5 Bxc4+ 50. Ke5 Bd6+ 51. Ke4 Rxh7 52. Nxd6 Rxh1 53. Nxc4 Kg7 54. Ne5 c5 55. Nd7 c4 56. Ne5 c3 57.
Kd3 Rh3+ 58. Kc2 Kf6 59. Nc4 1/2-1/2

[Event "*** Titled Tuesday Blitz"]
[Site "Chess.com"]
[Date "2020.05.19"]
[Round "9"]
[White "Gerasimenyuk_Miha"]
[Black "Joshukid"]
[Result "0-1"]
[WhiteElo "2394"]
[BlackElo "2567"]
[TimeControl "180+1"]
[EndTime "13:47:57 PDT"]
[Termination "Joshukid won on time"]

1. d4 Nf6 2. Nf3 d5 3. Bg5 e6 4. c3 Be7 5. e3 O-O 6. Bd3 c5 7. Nbd2 b6 8. h4 Bb7 9. Bxf6 Bxf6 10. Bxh7+ Kxh7 11. Ng5+ Kh6 12. f4 cxd4 13. Qc2 g6 14. h5 Kg7 15. hxg6 Rh8 16. O-O-O Bxg5 17. fxg5 dxe3 18. Nf3 Nc6 19. gxf7 Qc7 20. g6 Qg3 21. Rh7+ Rxh7 22. gxh7 Kxf7 23. Rf1 Kg7 24. Qe2 Qg6 25.
Qxe3 Rf8 26. Rh1 Rh8 27. Nh4 Qxh7 28. Qg3+ Kf7 29. Rf1+ Ke8 30. Ng6 Rg8 31. Rf6 Nd8 32.
Qg5 Qg7 33. Qh5 Bc8 34. Ne5+ Ke7 35. Rg6 Qxe5 36. Qxe5 Rxg6 37. Qc7+ Bd7 38. g3 e5 39. Qxe5+ Re6 40. Qg7+ Nf7 41. g4 Re1+ 42. Kd2 Re5 43. Qg6 Rg5 44. Qh7 Rxg4 45. Qh2 Be6 46. Qc7+ Kf6 47. Qxa7 b5 48. Qb6 Rg2+ 49. Kd3 Ne5+ 50. Kd4 Rg4+ 51. Kc5 b4 52. Qd8+ Kf5 53. Qf8+ Nf7 54.
Qg7 Rc4+ 55. Kb5 bxc3 0-1

[Event "*** Titled Tuesday Blitz"]
[Site "Chess.com"]
[Date "2020.05.19"]
[Round "9"]
[White "ChronicUnhappiness"]
[Black "SanchezKelvin"]
[Result "0-1"]
[WhiteElo "2296"]
[BlackElo "2478"]
[TimeControl "180+1"]
[EndTime "13:48:00 PDT"]
[Termination "SanchezKelvin won by resignation"]

1. c4 Nf6 2. g3 g6 3. Bg2 Bg7 4. Nc3 O-O 5. e4 d6 6. Nge2 c5 7. O-O Nc6 8. d3 a6 9. Bg5 Rb8 10. a4 h6 11. Be3 Ng4 12. Bd2 Nd4 13. Nxd4 cxd4 14. Ne2 b5 15. cxb5 axb5 16. a5 e5 17.
h3 Nf6 18. f4 Nd7 19. f5 Nc5 20. Qc2 b4 21. Nc1 Ba6 22. Rf3 Rb5 23. Nb3 Re8 24.
Nxc5 Rxc5 25. Qb3 gxf5 26. Rxf5 Re6 27. Raf1 Rc7 28. Rxf7 Rxf7 29. Qxe6 Qe7 30. Qxf7+ Qxf7 31. Rxf7 Kxf7 32. Bxb4 Bxd3 33. Bxd6 Ke6 34. Bb4 Bf6 35. h4 h5 36. Kf2 Bg7 37. Bh3+ Kf6 38. Bg2 Bh6 39. Bf1 Be3+ 40. Kf3 Bxf1 41. Bc5 Bb5 42.
b4 Bd2 43. Kf2 Bc3 44. Kf3 d3 45. Be3 d2 46. Bxd2 Bxd2 47. a6 Bxb4 48. g4 hxg4+ 49.
Kxg4 Bxa6 50. h5 Bc8+ 51. Kh4 Bf8 52. Kg3 Bh6 53. Kh4 Bg5+ 54. Kg3 Bf4+ 55. Kf3 Kg5 56. h6 Kxh6 57. Ke2 Kg5 58. Kf3 Bg4+ 59. Kf2 Bc1 60. Ke1 Kf4 61. Kf1 Kf3 62. Ke1 Ke3 63. Kf1 Bf3 64. Ke1 Bd2+ 65. Kf1 Kf4 66. Kf2 Bc3 67. Kf1 Kg3 68. Kg1 Be2 69. Kh1 Bd2 70. Kg1 Be3+ 0-1

[Event "*** Titled Tuesday Blitz"]
[Site "Chess.com"]
[Date "2020.05.19"]
[Round "9"]
[White "THE_PLAYER6"]
[Black "MFBerna"]
[Result "1/2-1/2"]
[WhiteElo "2511"]
[BlackElo "2346"]
[TimeControl "180+1"]
[EndTime "13:48:01 PDT"]
[Termination "Game drawn - insufficient material"]

1. d4 g6 2. c4 Bg7 3. Nc3 d6 4. e4 Nf6 5. Be2 O-O 6. Be3 e5 7. d5 Ne8 8. g4 f5 9. gxf5 gxf5 10. exf5 Bxf5 11. Nf3 Nf6 12. Qd2 Kh8 13. Rg1 Qe7 14.
Ng5 Nbd7 15. O-O-O e4 16. Ne6 Bxe6 17. dxe6 Nc5 18.
Nd5 Nxd5 19. cxd5 Rf5 20. Rxg7 Qxg7 21. Bd4 Nd3+ 22. Bxd3 Qxd4 23. Bc2 Qxd2+ 24. Rxd2 Re5 25. Kd1 Kg7 26. Rd4 Rf8 27. Ke1 Rf4 28. Rc4 c5 29. dxc6 bxc6 30. Rxc6 Rxe6 31. Rc7+ Kh6 32. Rxa7 Rh4 33.
a4 d5 34. Bb3 Re5 35. Rd7 Rxh2 36. Bxd5 Rh1+ 37. Ke2 Rb1 38. b3 Rb2+ 39. Ke3 Kg5 40. Bc4 h5 41. Rg7+ Kf6 42. Rh7 Rf5 43. Kxe4 Rfxf2 44. Rf7+ Kg5 45. Rg7+ Kh4 46. a5 Kh3 47.
a6 Ra2 48. Kd4 h4 49. Kc5 Rf5+ 50. Kb6 Rf6+ 51. Kb7 Kh2 52. Rh7 h3 53. b4 Ra4 54.
b5 Rxc4 55. b6 Rb4 56. a7 Rbxb6+ 57. Kc7 Rbc6+ 58. Kb7 Rb6+ 59. Kc7 Ra6 60. Kb7 Rfb6+ 61. Ka8 Kg2 62. Rxh3 Rxa7+ 63. Kxa7 Kxh3 64. Kxb6 1/2-1/2

[Event "*** Titled Tuesday Blitz"]
[Site "Chess.com"]
[Date "2020.05.19"]
[Round "9"]
[White "Doukis"]
[Black "Stormeman100100"]
[Result "1-0"]
[WhiteElo "2395"]
[BlackElo "2523"]
[TimeControl "180+1"]
[EndTime "13:48:01 PDT"]
[Termination "Doukis won by checkmate"]

1. d4 Nf6 2. c4 g6 3. f3 Bg7 4. e4 d6 5. Nc3 O-O 6. Nge2 c5 7. d5 e6 8. Ng3 exd5 9. cxd5 a6 10. a4 Nh5 11.
Nxh5 gxh5 12. Be3 Nd7 13. Qd2 Ne5 14. Be2 f5 15. exf5 Bxf5 16. O-O h4 17. Rae1 h3 18. g4 Bd7 19. Ne4 Bxa4 20. f4 Nf7 21. f5 Be5 22. g5 Qe7 23. f6 Bxh2+ 24. Kxh2 Qxe4 25. Bf3 Qe5+ 26. Bf4 Qd4 27. Qxd4 cxd4 28. Re7 d3 29. Be4 Bb5 30. g6 hxg6 31. Rg1 Kh8 32. Rxg6 Rae8 33. Bxd6 Rxe7 34. fxe7 Rg8 35. Bf4 Rxg6 36.
Bxg6 Kg7 37. Bxd3 Bd7 38. Bf5 Be8 39. d6 Kf6 40. Bxh3 Bc6 41. Bg4 a5 42. Kg3 b5 43.
Kf2 b4 44. Ke1 a4 45. Kd2 a3 46. bxa3 bxa3 47. Kc1 Ba4 48. Kb1 Bc6 49. Ka2 Nh8 50. d7 Bxd7 51. Bxd7 Kxe7 52. Bf5 Ng6 53. Bxg6 Kf6 54.
Be4 Ke6 55. Kxa3 Kf6 56. Kb4 Ke6 57. Kc4 Kf6 58. Kc5 Ke6 59. Kd4 Kf6 60. Be5+ Ke6 61.
Bd5+ Ke7 62. Kc5 Kd7 63. Bd6 Kd8 64. Be6 Ke8 65. Kc6 Kd8 66. Bf7 Kc8 67. Be7 Kb8 68. Kb6 Kc8 69. Be6+ Kb8 70. Bd6+ Ka8 71. Bd5# 1-0

[Event "*** Titled Tuesday Blitz"]
[Site "Chess.com"]
[Date "2020.05.19"]
[Round "9"]
[White "MikeKorovin"]
[Black "Jospem"]
[Result "1/2-1/2"]
[WhiteElo "2658"]
[BlackElo "2815"]
[TimeControl "180+1"]
[EndTime "13:48:03 PDT"]
[Termination "Game drawn - insufficient material"]

1. Nf3 c5 2. b3 Nc6 3. Bb2 Nf6 4. g3 g6 5. Bg2 Bg7 6. O-O O-O 7. c4 d6 8. e3 e5 9. d4 exd4 10. exd4 Bg4 11.
dxc5 dxc5 12. h3 Bf5 13. Nc3 Ne4 14. Qc1 Nxc3 15. Bxc3 Nd4 16. Nxd4 cxd4 17. Bb2 Qd7 18. g4 Be6 19. Rd1 Rac8 20. Qf4 Rfd8 21. Rd2 b5 22. cxb5 Qxb5 23. Bxd4 Qb4 24. Rad1 Rd7 25. Be3 Rxd2 26. Rxd2 Qa5 27. Qg5 Rc1+ 28. Bf1 Qxg5 29. Bxg5 Rc8 30. Rd8+ Rxd8 31. Bxd8 Bd4 32. Bg5 h5 33.
gxh5 gxh5 34. Be3 Bxe3 35. fxe3 h4 36. Kg2 Kg7 37. Bc4 Bf5 38. b4 Kf6 39. a4 Bg6 40. b5 Ke5 41. a5 Be4+ 42. Kf2 f6 43. Be2 Kd6 44. b6 axb6 45. axb6 Bf5 46. Bf3 Bxh3 47.
Be4 Bg4 48. Bf3 Bf5 49. Kg2 Bd7 50. Kf2 Be6 51. Be4 Bd7 52. Kf3 Be6 53. Kf4 Bd7 54. Bf3 Be6 55. Bg4 Bd5 56. Bh3 Kc5 57. Kf5 Kxb6 58. Kxf6 Kc5 59. Ke5 Bf3 60. Kf4 Be2 61. e4 Kd6 62. e5+ Kd5 63. e6 Kd6 64. Kg5 Bf1 65. Kxh4 Bxh3 66. Kxh3 Ke7 67. Kg4 Kxe6 1/2-1/2